 Dungeon Crawl Stone Soup version 0.21-a0-228-g14ccbf3 (webtiles) character file.

161 CrotchHugger the Skirmisher (level 5, -3/43 HPs)
             Began as a Barachi Fighter on May 19, 2017.
             Slain by a gnoll
             ... wielding a +0 spear
              (5 damage)
             ... on level 4 of the Dungeon on Aug 31, 2017.
             The game lasted 00:21:20 (2678 turns).

CrotchHugger the Skirmisher (Barachi Fighter)       Turns: 2678, Time: 00:21:20

Health: -3/43      AC:  6    Str: 18    XL:     5   Next: 42%
Magic:  5/5        EV:  9    Int:  8    God:
Gold:   159        SH: 10    Dex: 12    Spells: 4/4 levels left

rFire    + . .     SeeInvis .   a - +0 long sword
rCold    . . .     Gourm    .   c - +1 shield
rNeg     . . .     Faith    +   y - +2 animal skin
rPois    .         Spirit   .   A - +0 helmet
rElec    .         Reflect  .   (no cloak)
rCorr    .         Harm     .   w - +0 pair of gloves
MR       .....                  (no boots)
Stlth    +.........             l - amulet of faith
HPRegen  0.14/turn              q - ring of protection from fire
MPRegen  0.09/turn              (no ring)

@: lethally poisoned (-3 -> -6), slow
A: +LOS, swims, slowness 1, strong legs 1
a: Hop


You were on level 4 of the Dungeon.
You were not hungry.

You visited 1 branch of the dungeon, and saw 4 of its levels.

You collected 159 gold pieces.

Inventory:

Hand Weapons
 a - a +0 long sword (weapon)
 e - a +1 spear of piercing
Armour
 b - a +0 scale mail
 c - a +1 shield (worn)
 w - a +0 pair of gloves (worn)
 y - a +2 animal skin (worn)
 A - a +0 helmet (worn)
Jewellery
 l - an amulet of faith (around neck)
 p - an uncursed amulet of faith
 q - a ring of protection from fire (left hand)
Wands
 h - a wand of random effects (35/48)
Scrolls
 g - 2 scrolls of remove curse
 i - a scroll of fog
 k - 5 scrolls of identify
 m - 2 scrolls of blinking
 r - 2 scrolls of magic mapping {unknown}
 t - a scroll of amnesia {unknown}
 C - a scroll of enchant armour
Potions
 d - 3 potions of might
 j - a potion of mutation
 n - a potion of flight {unknown}
 u - a potion of magic {unknown}
 v - a potion of degeneration {unknown}
 x - a potion of ambrosia {unknown}
 z - a potion of curing {unknown}
Comestibles
 f - 4 bread rations
 o - 6 fruits
 s - a meat ration
 B - 6 chunks of flesh


   Skills:
 + Level 4.5 Fighting
 * Level 4.1 Long Blades
 - Level 4.2 Armour
 + Level 0.9 Dodging
 + Level 4.4 Shields


You had 4 spell levels left.
You didn't know any spells.

Dungeon Overview and Level Annotations

Branches:
Dungeon (4/15)
 Temple: D:4-7

Altars:


Innate Abilities, Weirdness & Mutations

Shadows flee at your approach. (+LOS)
You can swim through water.
You cover ground slowly.
You can hop short distances.


Message History

The adder is heavily wounded.
The adder bites you.
You are poisoned.
The adder poisons you! You block the quokka's attack.
The gnoll barely misses you. The adder bites you but does no damage.
You feel sick. The adder bites you but does no damage.
You block the quokka's attack. The gnoll closely misses you.
You feel sick. You block the adder's attack.
You slash the adder!
You kill the adder!
You feel sick.
The gnoll hits you from afar with a spear!
* * * LOW HITPOINT WARNING * * *
You closely miss the quokka. You block the quokka's attack.
The gnoll hits you from afar with a spear.
* * * LOW HITPOINT WARNING * * *
The quokka barely misses you.
The gnoll hits you from afar with a spear.
You die...

≈≈≈≈≈≈≈≈≈≈#####≈≈≈≈≈≈≈≈≈#
≈≈≈≈≈≈≈≈≈≈≈≈≈≈≈≈≈≈≈≈≈≈≈≈#
≈≈≈≈≈≈≈≈≈≈≈≈≈≈≈≈≈≈≈≈≈≈≈≈#
.≈≈≈≈≈≈≈≈≈≈≈≈≈...≈.)≈..≈#
....)...................#
........................#
###.#############.....###
###.# ## ##....## ....#
##.##@.#..# .####
###...#r##### .#
##.....g.# .# #.......##
.# #.......# ##
#.......## #.......#
#.......# #.......#


You could see a gnoll and a quokka.

Vanquished Creatures
  A worker ant (D:4)
  A hound skeleton (D:4)
  Robin (D:3)
  2 adders
  An ooze (D:2)
  2 worms
  A dart slug (D:1)
  5 leopard geckos
  4 giant cockroaches
  17 goblins
  8 hobgoblins
  5 jackals (D:2)
  A quokka (D:2)
  4 bats
  6 frilled lizards
  5 kobolds
  12 rats
76 creatures vanquished.

Notes
Turn   | Place    | Note
-------+----------+-------------------------------------------
     0 | D:1      | CrotchHugger the Barachi Fighter began the quest for the Orb.
     0 | D:1      | Reached XP level 1. HP: 18/18 MP: 1/1
    30 | D:1      | Upgraded the game from 0.20-a0-1127-g1289703 to 0.21-a0-128-gf2b353c
    85 | D:1      | Reached XP level 2. HP: 22/25 MP: 2/2
   134 | D:1      | Upgraded the game from 0.21-a0-128-gf2b353c to 0.21-a0-228-g14ccbf3
   853 | D:1      | Reached XP level 3. HP: 30/30 MP: 3/3
  1528 | D:2      | Reached XP level 4. HP: 37/37 MP: 4/4
  2198 | D:3      | Noticed Robin
  2223 | D:3      | Killed Robin
  2514 | D:4      | Reached XP level 5. HP: 39/43 MP: 5/5
  2678 | D:4      | HP: 2/43 [gnoll/spear (4)]
  2678 | D:4      | Slain by a gnoll

Vault maps used:
D:1:      dpeg_arrival_rooms_b
D:2:      first_bread, nrook_uturn
D:3:      hangedman_abyss_or_decor_stabs, minmay_misc_feat_square, st_stairs_1,
          uniq_robin
D:4:      minmay_goblin_kobold_castle

Skill      XL: |  1  2  3  4  5 |
---------------+----------------+-----
Fighting       | 4 |  4.5
Long Blades    | 3 4 |  4.1
Shields        | 4 |  4.4
Armour         | 4 |  4.2
Dodging        | |  0.9

Action                   |  1- 3 |  4- 6 || total
-------------------------+-------+-------++-------
Melee: Long sword        |   116 |    93 ||   209
       Spear             |    10 |       ||    10
  Use: Scroll            |       |     6 ||     6
       Potion            |       |     1 ||     1
 Stab: Sleeping          |       |     1 ||     1
  Eat: Chunk             |     3 |     4 ||     7
Armor: Scale mail        |    63 |    24 ||    87
       Animal skin       |       |    27 ||    27
Dodge: Dodged            |    32 |    37 ||    69
Block: Shield            |    57 |    72 ||   129
       Rpst.: Long sword |     6 |    13 ||    19

Table legend:
 A = Spawn XP
 B = Non-spawn XP
 C = Spawn XP percentage of total XP
 D = Spawn monster count
 E = Non-spawn monster count
 F = Spawn count percentage of total count
 G = Total turns spent on level
                    A         B        C        D         E        F      G
               +---------+---------+-------+---------+---------+-------+---------
         Total |      15 |     192 |   7.2 |       8 |      53 |  13.1 |  2544
               +---------+---------+-------+---------+---------+-------+---------
           D:1 |      10 |       0 | 100.0 |       5 |       0 | 100.0 |   844
           D:2 |       2 |      59 |   3.3 |       1 |      25 |   3.8 |   984
           D:3 |       3 |      49 |   5.8 |       2 |      18 |  10.0 |   475
           D:4 |       0 |      84 |   0.0 |       0 |      10 |   0.0 |   241
               +---------+---------+-------+---------+---------+-------+---------
